Workbook

Sheet May 2015
A1: Check Number | C1: Check Date | D1: Vendor Name | E1: Transaction Amount | S1: Description | T1: Account Name | U1: Department | V1: Division | W1: Object of Expenditure | X1: Project Number
A2: 418162 | C2: 42129 | D2: BOB TOMES FORD | E2: 667.28 | S2: BLANKET PURCHASE ORDER | T2: AUTO MAINTENANCE | U2: EQUIPMENT SERVICES | V2: EQUIP SERV-SHARED | W2: BLANKET PURCHASE ORDER
E8: -64.35 | S8: inv# 5423627 | T8: AUTO MAINTENANCE | U8: EQUIPMENT SERVICES | V8: EQUIP SERV-SHARED | W8: inv# 5423627
E9: 64.35 | S9: inv# 5424065 | T9: AUTO MAINTENANCE | U9: EQUIPMENT SERVICES | V9: EQUIP SERV-SHARED | W9: inv# 5424065
A10: 418875 | C10: 42137 | E10: 1524.61 | S10: BLANKET PURCHASE ORDER | T10: AUTO MAINTENANCE | U10: EQUIPMENT SERVICES | V10: EQUIP SERV-SHARED | W10: BLANKET PURCHASE ORDER
E21: -42.24 | S21: INV# 5424299 | T21: AUTO MAINTENANCE | U21: EQUIPMENT SERVICES | V21: EQUIP SERV-SHARED | W21: INV# 5424299
E22: -50 | S22: INV# 5424433 | T22: AUTO MAINTENANCE | U22: EQUIPMENT SERVICES | V22: EQUIP SERV-SHARED | W22: INV# 5424433
E23: -35 | S23: INV# 5424565 | T23: AUTO MAINTENANCE | U23: EQUIPMENT SERVICES | V23: EQUIP SERV-SHARED | W23: INV# 5424565
A24: 418962 | C24: 42150 | E24: 1070.68 | S24: BLANKET PURCHASE ORDER | T24: AUTO MAINTENANCE | U24: EQUIPMENT SERVICES | V24: EQUIP SERV-SHARED | W24: BLANKET PURCHASE ORDER
K31: =SUM(hList_Frame_1!B1:B28) -> 3135.33
A33: 418508 | C33: 42136 | D33: BOB BARKER CO | E33: 1044 | S33: CLOTHING AND APPAREL | T33: DETENTION SUPPLIES | U33: SHERIFF'S OFFICE | V33: JAIL OPS-ADMIN | W33: CLOTHING AND APPAREL
A34: 418963 | C34: 42150 | E34: 133.4 | S34: CLOTHING AND APPAREL | T34: DETENTION SUPPLIES | U34: JUVENILE PROBATION | V34: JUV DET -ADMIN | W34: CLOTHING AND APPAREL
E37: 1573.75 | S37: FURNITURE, NON-OFFICE | T37: JANITORIAL SUPPLIES | U37: SHERIFF'S OFFICE | V37: JAIL OPS-ADMIN | W37: FURNITURE, NON-OFFICE
K39: =SUM(hList_Frame_1!B29:B33) -> 2751.15
A41: 418163 | C41: 42129 | D41: ECOLAB INC | E41: 688 | S41: JANITORIAL SUPPLIES-GEN. | T41: JANITORIAL SUPPLIES | U41: JUVENILE PROBATION | V41: JUV DET -ADMIN | W41: JANITORIAL SUPPLIES-GEN.
M43: =SUM(hList_Frame_1!B34:B34) -> 688
A45: 418164 | C45: 42129 | D45: GIBBS, GREGG M PC | E45: 3312.5 | S45: 417-30051-14 | T45: COURT APPOINTED ATTORNEY | U45: INDIGENT DEFENSE | V45: INDIGENT DEFENSE | W45: 417-30051-14 | X45: ID417A
A46: 418881 | C46: 42138 | E46: 8823.08 | S46: 199-01329-15 | T46: COURT APPOINTED ATTORNEY | U46: INDIGENT DEFENSE | V46: INDIGENT DEFENSE | W46: 199-01329-15 | X46: ID199F
T47: MISCELLANEOUS | U47: INDIGENT DEFENSE | V47: INDIGENT DEFENSE | X47: ID199F
A48: 418964 | C48: 42150 | E48: 750 | S48: 417-70106-14 | T48: COURT APPOINTED ATTORNEY | U48: INDIGENT DEFENSE | V48: JUVENILE COURT-IND DEF | W48: 417-70106-14 | X48: ID417J
I50: =SUM(hList_Frame_1!B35:B38) -> 12885.58
A52: 418165 | C52: 42129 | D52: HEIDENHEIMER, MARK | E52: 450 | S52: 004-81490-2015 | T52: COURT APPOINTED ATTORNEY | U52: INDIGENT DEFENSE | V52: INDIGENT DEFENSE | W52: 004-81490-2015 | X52: IDCL4M
M54: =SUM(hList_Frame_1!B39:B39) -> 450
A56: 418509 | C56: 42136 | D56: POLLOCK PAPER DISTRIBUTORS | E56: 1567.02 | S56: PAPER/PLASTIC, DISPOSABLE | T56: JANITORIAL SUPPLIES | W56: PAPER/PLASTIC, DISPOSABLE
K58: =SUM(hList_Frame_1!B40:B40) -> 1567.02
A60: 418166 | C60: 42129 | D60: PENGAD INC | E60: 168.74 | S60: OFFICE SUPPLIES (GENERAL) | T60: OFFICE SUPPLIES | U60: COUNTY COURTS | V60: CCL1-ADMIN | W60: OFFICE SUPPLIES (GENERAL)
A61: 418510 | C61: 42136 | E61: 12.8 | S61: OFFICE SUPPLIES (GENERAL) | T61: OFFICE SUPPLIES | U61: DISTRICT COURTS | V61: DIST CT-SHARED | W61: OFFICE SUPPLIES (GENERAL)
M63: =SUM(hList_Frame_1!B41:B42) -> 181.54
A65: 418965 | C65: 42150 | D65: THOMASON TIRE INC | E65: 900 | S65: TIRES AND TUBES | T65: PARTS | W65: TIRES AND TUBES
M67: =SUM(hList_Frame_1!B43:B43) -> 900
A69: 418966 | C69: 42150 | D69: TEXOMA FIRE EQUIPMENT INC | E69: 474 | S69: PW/CONSTRUCT/RELATED SERV | T69: FIRE SYSTEM CERTIFICATION | U69: FACILITIES & PARKS | V69: BUILD SUP-SHARED | W69: PW/CONSTRUCT/RELATED SERV | X69: B03002
M71: =SUM(hList_Frame_1!B44:B44) -> 474
A73: 418511 | C73: 42136 | D73: WEST PUBLISHING CORPORATION | E73: 1248 | S73: MISC PROFESSIONAL SERVICE | T73: LIBRARY UPDATES | U73: BUDGET | V73: LAW LIBRARY-ADMIN | W73: MISC PROFESSIONAL SERVICE
E74: 82 | S74: PUBLICATIONS/AUDIOVISUALS | T74: DUES & SUBSCRIPTIONS | U74: UNALLOCATED | V74: NON-DEPARTMENTAL | W74: PUBLICATIONS/AUDIOVISUALS
A76: 418967 | C76: 42150 | E76: 16332.4 | S76: MISC PROFESSIONAL SERVICE | T76: COMMUNICATION LINE LEASE | U76: BUDGET | V76: LAW LIBRARY-ADMIN | W76: MISC PROFESSIONAL SERVICE
T77: DUES & SUBSCRIPTIONS | U77: CONSTABLES | V77: C3-ADMIN
T78: LIBRARY BOOKS | U78: COUNTY COURTS | V78: CCL1-ADMIN
U79: DISTRICT ATTORNEY | V79: DA-ADMIN
T81: LIBRARY UPDATES | U81: BUDGET | V81: LAW LIBRARY-ADMIN
U82: DISTRICT COURTS | V82: 296TH DC-ADMIN
E83: 96 | S83: PUBLICATIONS/AUDIOVISUALS | T83: DUES & SUBSCRIPTIONS | U83: UNALLOCATED | V83: NON-DEPARTMENTAL | W83: PUBLICATIONS/AUDIOVISUALS
I86: =SUM(hList_Frame_1!B45:B56) -> 17758.4
A88: 418968 | C88: 42150 | D88: TX COMMISSION ON FIRE PRTCN | E88: 170 | S88: MISC PROFESSIONAL SERVICE | T88: DUES & SUBSCRIPTIONS | U88: FIRE MARSHAL | V88: FIRE MARSHAL-ADMIN | W88: MISC PROFESSIONAL SERVICE
M90: =SUM(hList_Frame_1!B57:B57) -> 170
A92: 418167 | C92: 42129 | D92: PLANO POWER EQUIPMENT | E92: 645.27 | S92: BLANKET PURCHASE ORDER | T92: GROUNDS EQUIPMENT MAINT | U92: EQUIPMENT SERVICES | V92: EQUIP SERV-SHARED | W92: BLANKET PURCHASE ORDER
A93: 418512 | C93: 42136 | E93: 158.7 | S93: BLANKET PURCHASE ORDER | T93: GROUNDS EQUIPMENT MAINT | U93: EQUIPMENT SERVICES | V93: EQUIP SERV-SHARED | W93: BLANKET PURCHASE ORDER
A94: 418969 | C94: 42150 | E94: 152.64 | S94: AGRI. IMPLEMENTS & PARTS | T94: PARTS | W94: AGRI. IMPLEMENTS & PARTS
E95: 31.89 | S95: LAWN & GROUNDS EQUIPMENT | T95: PARTS | W95: LAWN & GROUNDS EQUIPMENT
M97: =SUM(hList_Frame_1!B58:B61) -> 988.5
A99: 418168 | C99: 42129 | D99: GEBO CREDIT CORPORATION | E99: 99.99 | S99: PUBLIC WORK | T99: MAJOR ROAD CONSTRUCTION | U99: PUBLIC WORKS | V99: R&B - ADMIN | W99: PUBLIC WORK
E100: 623.63 | S100: ROADSIDE/GROUND/PARK SERV | T100: ROAD MAINTENANCE | U100: PUBLIC WORKS | V100: R&B - ADMIN | W100: ROADSIDE/GROUND/PARK SERV
A101: 418970 | C101: 42150 | E101: 27.02 | S101: MISC PROFESSIONAL SERVICE | T101: SMALL TOOLS | U101: ANIMAL SHELTER | V101: ANIMAL SHELTER-ADMIN | W101: MISC PROFESSIONAL SERVICE
M104: =SUM(hList_Frame_1!B62:B65) -> 750.64
A106: 418169 | C106: 42129 | D106: BEN E KEITH CO | E106: 1110.24 | S106: EDIBLE FOODS, STAPLE | T106: JAIL FOOD | W106: EDIBLE FOODS, STAPLE
E107: 324.84 | S107: FOODS, PERISHABLE | T107: JAIL FOOD | W107: FOODS, PERISHABLE
A108: 418513 | C108: 42136 | E108: 2008.9 | S108: EDIBLE FOODS, STAPLE | T108: JAIL FOOD | W108: EDIBLE FOODS, STAPLE
T109: MINIMUM SECURITY FOOD
E111: 748.94 | S111: FOODS, PERISHABLE | T111: JAIL FOOD | W111: FOODS, PERISHABLE
T112: MINIMUM SECURITY FOOD
E114: 37.17 | S114: FOODS, READY-TO-EAT | T114: MINIMUM SECURITY FOOD | W114: FOODS, READY-TO-EAT
E115: 93.48 | S115: PAPER/PLASTIC, DISPOSABLE | T115: MINIMUM SECURITY FOOD | W115: PAPER/PLASTIC, DISPOSABLE
A116: 418971 | C116: 42150 | E116: 29.14 | S116: ABRASIVES | T116: MINIMUM SECURITY FOOD | W116: ABRASIVES
E117: 1930.16 | S117: EDIBLE FOODS, STAPLE | T117: JAIL FOOD | W117: EDIBLE FOODS, STAPLE
T119: MINIMUM SECURITY FOOD
E120: 494.01 | S120: FOODS, PERISHABLE | T120: JAIL FOOD | W120: FOODS, PERISHABLE
T121: MINIMUM SECURITY FOOD
E122: 483.2 | S122: FOODS, READY-TO-EAT | T122: JAIL FOOD | W122: FOODS, READY-TO-EAT
T124: MINIMUM SECURITY FOOD
E125: 58.76 | S125: HARDWARE: SHELF & ALLIED | T125: JAIL FOOD | W125: HARDWARE: SHELF & ALLIED
E126: 93.48 | S126: PAPER/PLASTIC, DISPOSABLE | T126: MINIMUM SECURITY FOOD | W126: PAPER/PLASTIC, DISPOSABLE
K128: =SUM(hList_Frame_1!B66:B86) -> 7412.32
A130: 418972 | C130: 42150 | D130: TX DEPT OF PUBLIC SAFETY | E130: 8 | S130: MISC PROFESSIONAL SERVICE | T130: CONTRACTED AGENCY PMTS | U130: FIRE MARSHAL | V130: FIRE MARSHAL-ADMIN | W130: MISC PROFESSIONAL SERVICE
R132: =SUM(hList_Frame_1!B87:B87) -> 8
A134: 418170 | C134: 42129 | D134: ROMCO EQUIPMENT CO | E134: 864.22 | S134: BLANKET PURCHASE ORDER | T134: HEAVY EQUIPMENT REPAIR | U134: EQUIPMENT SERVICES | V134: EQUIP SERV-SHARED | W134: BLANKET PURCHASE ORDER
E136: -666.39 | S136: INV# 10156878 | T136: HEAVY EQUIPMENT REPAIR | U136: EQUIPMENT SERVICES | V136: EQUIP SERV-SHARED | W136: INV# 10156878
A137: 418514 | C137: 42136 | E137: 366.85 | S137: BLANKET PURCHASE ORDER | T137: HEAVY EQUIPMENT REPAIR | U137: EQUIPMENT SERVICES | V137: EQUIP SERV-SHARED | W137: BLANKET PURCHASE ORDER
A138: 418973 | C138: 42150 | E138: 371.62 | S138: BLANKET PURCHASE ORDER | T138: HEAVY EQUIPMENT REPAIR | U138: EQUIPMENT SERVICES | V138: EQUIP SERV-SHARED | W138: BLANKET PURCHASE ORDER
M141: =SUM(hList_Frame_1!B88:B93) -> 936.3
A143: 418171 | C143: 42129 | D143: DIGI KEY CORP 2313793 | E143: 63.21 | S143: ELECTRONIC COMPONENTS | T143: ELECTION SUPPLIES | U143: ELECTIONS | V143: CONT ELECTIONS-CONTRACT | W143: ELECTRONIC COMPONENTS
E144: -5.21 | S144: INV# 49230152 | T144: ELECTION SUPPLIES | U144: ELECTIONS | V144: CONT ELECTIONS-CONTRACT | W144: INV# 49230152
E145: 5.21 | S145: INV# CM49230152-01 | T145: ELECTION SUPPLIES | U145: ELECTIONS | V145: CONT ELECTIONS-CONTRACT | W145: INV# CM49230152-01
P147: =SUM(hList_Frame_1!B94:B96) -> 63.21
A149: 418974 | C149: 42150 | D149: IBM | E149: 15180 | S149: DP SERV/SOFTWARE PURCHASE | T149: COMPUTER SOFTWARE | U149: HOMELAND SECURITY | V149: STATE HOMELAND SEC PROG | W149: DP SERV/SOFTWARE PURCHASE | X149: GT088M
I151: =SUM(hList_Frame_1!B97:B97) -> 15180
A153: 418172 | C153: 42129 | D153: ALFORD INSURANCE AGENCY | E153: 142 | S153: FINANCIAL/ACCOUNTANCY SER | T153: NOTARY BONDS | U153: UNALLOCATED | V153: NON-DEPARTMENTAL | W153: FINANCIAL/ACCOUNTANCY SER
A155: 418975 | C155: 42150 | E155: 284 | S155: FINANCIAL/ACCOUNTANCY SER | T155: NOTARY BONDS | U155: UNALLOCATED | V155: NON-DEPARTMENTAL | W155: FINANCIAL/ACCOUNTANCY SER
M160: =SUM(hList_Frame_1!B98:B103) -> 426
A162: 418515 | C162: 42136 | D162: WHITE, JAMES | E162: 425 | S162: MISCELLANEOUS SERVICES | T162: CONTRACT LABOR | U162: CULTURE & RECREATION | V162: OPEN SPACE-ADMIN | W162: MISCELLANEOUS SERVICES
M164: =SUM(hList_Frame_1!B104:B104) -> 425
A166: 418976 | C166: 42150 | D166: HOLLAND, KENDALL | E166: 87.4 | S166: k holland-addison, tx | T166: EDUCATION & CONFERENCE | U166: INFORMATION TECHNOLOGY | V166: GIS-ADMIN | W166: k holland-addison, tx
E167: 47.15 | S167: k holland-farmersbranch,t | T167: TRAVEL REIMBURSEMENT | U167: INFORMATION TECHNOLOGY | V167: GIS-ADMIN | W167: k holland-farmersbranch,t
M169: =SUM(hList_Frame_1!B105:B106) -> 134.55
A171: 418516 | C171: 42136 | D171: AMERICAN ASSN OF LAW LIBRARIES | E171: 258 | S171: MISC PROFESSIONAL SERVICE | T171: DUES & SUBSCRIPTIONS | U171: BUDGET | V171: LAW LIBRARY-ADMIN | W171: MISC PROFESSIONAL SERVICE
M173: =SUM(hList_Frame_1!B107:B107) -> 258
A175: 418977 | C175: 42150 | D175: BEHAVIORAL MEASURES & FORENSIC | E175: 750 | S175: MISC PROFESSIONAL SERVICE | T175: PRE-EMPLOYMENT EXAM | U175: SHERIFF'S OFFICE | V175: JAIL OPS-ADMIN | W175: MISC PROFESSIONAL SERVICE
M177: =SUM(hList_Frame_1!B108:B108) -> 750
A179: 418517 | C179: 42136 | D179: C-C TROPHY & ENGRAVING INC | E179: 178.41 | S179: BLANKET PURCHASE ORDER | T179: SERVICE AWARDS | U179: HUMAN RESOURCES | V179: HR - SHARED | W179: BLANKET PURCHASE ORDER
A182: 418978 | C182: 42150 | E182: 548.79 | S182: BADGES/IDENTIFICATION EQ. | T182: MISCELLANEOUS | U182: UNALLOCATED | V182: NON-DEPARTMENTAL | W182: BADGES/IDENTIFICATION EQ.
M186: =SUM(hList_Frame_1!B109:B114) -> 727.2
A188: 418518 | C188: 42136 | D188: GUARDIAN POWER CLEANING | E188: 2685 | S188: CAFETERIA/KITCHEN EQUIP. | T188: VENT-A-HOOD CERTIFICATION | U188: FACILITIES & PARKS | V188: BUILD SUP-SHARED | W188: CAFETERIA/KITCHEN EQUIP. | X188: B21001
...

Sheet hList_Frame_1
A1: =IF(ISBLANK('May 2015'!A2),"",IF(ISTEXT('May 2015'!A2),0,'May 2015'!A2)) -> 418162 | B1: =IF(ISBLANK('May 2015'!E2),"",IF(ISTEXT('May 2015'!E2),0,'May 2015'!E2)) -> 667.28
A2: =IF(ISBLANK('May 2015'!A3),"",IF(ISTEXT('May 2015'!A3),0,'May 2015'!A3)) | B2: =IF(ISBLANK('May 2015'!E3),"",IF(ISTEXT('May 2015'!E3),0,'May 2015'!E3))
A3: =IF(ISBLANK('May 2015'!A4),"",IF(ISTEXT('May 2015'!A4),0,'May 2015'!A4)) | B3: =IF(ISBLANK('May 2015'!E4),"",IF(ISTEXT('May 2015'!E4),0,'May 2015'!E4))
A4: =IF(ISBLANK('May 2015'!A5),"",IF(ISTEXT('May 2015'!A5),0,'May 2015'!A5)) | B4: =IF(ISBLANK('May 2015'!E5),"",IF(ISTEXT('May 2015'!E5),0,'May 2015'!E5))
A5: =IF(ISBLANK('May 2015'!A6),"",IF(ISTEXT('May 2015'!A6),0,'May 2015'!A6)) | B5: =IF(ISBLANK('May 2015'!E6),"",IF(ISTEXT('May 2015'!E6),0,'May 2015'!E6))
A6: =IF(ISBLANK('May 2015'!A7),"",IF(ISTEXT('May 2015'!A7),0,'May 2015'!A7)) | B6: =IF(ISBLANK('May 2015'!E7),"",IF(ISTEXT('May 2015'!E7),0,'May 2015'!E7))
A7: =IF(ISBLANK('May 2015'!A8),"",IF(ISTEXT('May 2015'!A8),0,'May 2015'!A8)) | B7: =IF(ISBLANK('May 2015'!E8),"",IF(ISTEXT('May 2015'!E8),0,'May 2015'!E8)) -> -64.35
A8: =IF(ISBLANK('May 2015'!A9),"",IF(ISTEXT('May 2015'!A9),0,'May 2015'!A9)) | B8: =IF(ISBLANK('May 2015'!E9),"",IF(ISTEXT('May 2015'!E9),0,'May 2015'!E9)) -> 64.35
A9: =IF(ISBLANK('May 2015'!A10),"",IF(ISTEXT('May 2015'!A10),0,'May 2015'!A10)) -> 418875 | B9: =IF(ISBLANK('May 2015'!E10),"",IF(ISTEXT('May 2015'!E10),0,'May 2015'!E10)) -> 1524.61
A10: =IF(ISBLANK('May 2015'!A11),"",IF(ISTEXT('May 2015'!A11),0,'May 2015'!A11)) | B10: =IF(ISBLANK('May 2015'!E11),"",IF(ISTEXT('May 2015'!E11),0,'May 2015'!E11))
A11: =IF(ISBLANK('May 2015'!A12),"",IF(ISTEXT('May 2015'!A12),0,'May 2015'!A12)) | B11: =IF(ISBLANK('May 2015'!E12),"",IF(ISTEXT('May 2015'!E12),0,'May 2015'!E12))
A12: =IF(ISBLANK('May 2015'!A13),"",IF(ISTEXT('May 2015'!A13),0,'May 2015'!A13)) | B12: =IF(ISBLANK('May 2015'!E13),"",IF(ISTEXT('May 2015'!E13),0,'May 2015'!E13))
... A28: =IF(ISBLANK('May 2015'!A29),"",IF(ISTEXT('May 2015'!A29),0,'May 2015'!A29)) | B28: =IF(ISBLANK('May 2015'!E29),"",IF(ISTEXT('May 2015'!E29),0,'May 2015'!E29))
A29: =IF(ISBLANK('May 2015'!A33),"",IF(ISTEXT('May 2015'!A33),0,'May 2015'!A33)) -> 418508 | B29: =IF(ISBLANK('May 2015'!E33),"",IF(ISTEXT('May 2015'!E33),0,'May 2015'!E33)) -> 1044
A30: =IF(ISBLANK('May 2015'!A34),"",IF(ISTEXT('May 2015'!A34),0,'May 2015'!A34)) -> 418963 | B30: =IF(ISBLANK('May 2015'!E34),"",IF(ISTEXT('May 2015'!E34),0,'May 2015'!E34)) -> 133.4
A31: =IF(ISBLANK('May 2015'!A35),"",IF(ISTEXT('May 2015'!A35),0,'May 2015'!A35)) | B31: =IF(ISBLANK('May 2015'!E35),"",IF(ISTEXT('May 2015'!E35),0,'May 2015'!E35))
A32: =IF(ISBLANK('May 2015'!A36),"",IF(ISTEXT('May 2015'!A36),0,'May 2015'!A36)) | B32: =IF(ISBLANK('May 2015'!E36),"",IF(ISTEXT('May 2015'!E36),0,'May 2015'!E36))
A33: =IF(ISBLANK('May 2015'!A37),"",IF(ISTEXT('May 2015'!A37),0,'May 2015'!A37)) | B33: =IF(ISBLANK('May 2015'!E37),"",IF(ISTEXT('May 2015'!E37),0,'May 2015'!E37)) -> 1573.75
A34: =IF(ISBLANK('May 2015'!A41),"",IF(ISTEXT('May 2015'!A41),0,'May 2015'!A41)) -> 418163 | B34: =IF(ISBLANK('May 2015'!E41),"",IF(ISTEXT('May 2015'!E41),0,'May 2015'!E41)) -> 688
A35: =IF(ISBLANK('May 2015'!A45),"",IF(ISTEXT('May 2015'!A45),0,'May 2015'!A45)) -> 418164 | B35: =IF(ISBLANK('May 2015'!E45),"",IF(ISTEXT('May 2015'!E45),0,'May 2015'!E45)) -> 3312.5
A36: =IF(ISBLANK('May 2015'!A46),"",IF(ISTEXT('May 2015'!A46),0,'May 2015'!A46)) -> 418881 | B36: =IF(ISBLANK('May 2015'!E46),"",IF(ISTEXT('May 2015'!E46),0,'May 2015'!E46)) -> 8823.08
A37: =IF(ISBLANK('May 2015'!A47),"",IF(ISTEXT('May 2015'!A47),0,'May 2015'!A47)) | B37: =IF(ISBLANK('May 2015'!E47),"",IF(ISTEXT('May 2015'!E47),0,'May 2015'!E47))
A38: =IF(ISBLANK('May 2015'!A48),"",IF(ISTEXT('May 2015'!A48),0,'May 2015'!A48)) -> 418964 | B38: =IF(ISBLANK('May 2015'!E48),"",IF(ISTEXT('May 2015'!E48),0,'May 2015'!E48)) -> 750
A39: =IF(ISBLANK('May 2015'!A52),"",IF(ISTEXT('May 2015'!A52),0,'May 2015'!A52)) -> 418165 | B39: =IF(ISBLANK('May 2015'!E52),"",IF(ISTEXT('May 2015'!E52),0,'May 2015'!E52)) -> 450
A40: =IF(ISBLANK('May 2015'!A56),"",IF(ISTEXT('May 2015'!A56),0,'May 2015'!A56)) -> 418509 | B40: =IF(ISBLANK('May 2015'!E56),"",IF(ISTEXT('May 2015'!E56),0,'May 2015'!E56)) -> 1567.02
A41: =IF(ISBLANK('May 2015'!A60),"",IF(ISTEXT('May 2015'!A60),0,'May 2015'!A60)) -> 418166 | B41: =IF(ISBLANK('May 2015'!E60),"",IF(ISTEXT('May 2015'!E60),0,'May 2015'!E60)) -> 168.74
A42: =IF(ISBLANK('May 2015'!A61),"",IF(ISTEXT('May 2015'!A61),0,'May 2015'!A61)) -> 418510 | B42: =IF(ISBLANK('May 2015'!E61),"",IF(ISTEXT('May 2015'!E61),0,'May 2015'!E61)) -> 12.8
A43: =IF(ISBLANK('May 2015'!A65),"",IF(ISTEXT('May 2015'!A65),0,'May 2015'!A65)) -> 418965 | B43: =IF(ISBLANK('May 2015'!E65),"",IF(ISTEXT('May 2015'!E65),0,'May 2015'!E65)) -> 900
A44: =IF(ISBLANK('May 2015'!A69),"",IF(ISTEXT('May 2015'!A69),0,'May 2015'!A69)) -> 418966 | B44: =IF(ISBLANK('May 2015'!E69),"",IF(ISTEXT('May 2015'!E69),0,'May 2015'!E69)) -> 474
A45: =IF(ISBLANK('May 2015'!A73),"",IF(ISTEXT('May 2015'!A73),0,'May 2015'!A73)) -> 418511 | B45: =IF(ISBLANK('May 2015'!E73),"",IF(ISTEXT('May 2015'!E73),0,'May 2015'!E73)) -> 1248
A46: =IF(ISBLANK('May 2015'!A74),"",IF(ISTEXT('May 2015'!A74),0,'May 2015'!A74)) | B46: =IF(ISBLANK('May 2015'!E74),"",IF(ISTEXT('May 2015'!E74),0,'May 2015'!E74)) -> 82
A47: =IF(ISBLANK('May 2015'!A75),"",IF(ISTEXT('May 2015'!A75),0,'May 2015'!A75)) | B47: =IF(ISBLANK('May 2015'!E75),"",IF(ISTEXT('May 2015'!E75),0,'May 2015'!E75))
A48: =IF(ISBLANK('May 2015'!A76),"",IF(ISTEXT('May 2015'!A76),0,'May 2015'!A76)) -> 418967 | B48: =IF(ISBLANK('May 2015'!E76),"",IF(ISTEXT('May 2015'!E76),0,'May 2015'!E76)) -> 16332.4
A49: =IF(ISBLANK('May 2015'!A77),"",IF(ISTEXT('May 2015'!A77),0,'May 2015'!A77)) | B49: =IF(ISBLANK('May 2015'!E77),"",IF(ISTEXT('May 2015'!E77),0,'May 2015'!E77))
A50: =IF(ISBLANK('May 2015'!A78),"",IF(ISTEXT('May 2015'!A78),0,'May 2015'!A78)) | B50: =IF(ISBLANK('May 2015'!E78),"",IF(ISTEXT('May 2015'!E78),0,'May 2015'!E78))
A51: =IF(ISBLANK('May 2015'!A79),"",IF(ISTEXT('May 2015'!A79),0,'May 2015'!A79)) | B51: =IF(ISBLANK('May 2015'!E79),"",IF(ISTEXT('May 2015'!E79),0,'May 2015'!E79))
A52: =IF(ISBLANK('May 2015'!A80),"",IF(ISTEXT('May 2015'!A80),0,'May 2015'!A80)) | B52: =IF(ISBLANK('May 2015'!E80),"",IF(ISTEXT('May 2015'!E80),0,'May 2015'!E80))
A53: =IF(ISBLANK('May 2015'!A81),"",IF(ISTEXT('May 2015'!A81),0,'May 2015'!A81)) | B53: =IF(ISBLANK('May 2015'!E81),"",IF(ISTEXT('May 2015'!E81),0,'May 2015'!E81))
A54: =IF(ISBLANK('May 2015'!A82),"",IF(ISTEXT('May 2015'!A82),0,'May 2015'!A82)) | B54: =IF(ISBLANK('May 2015'!E82),"",IF(ISTEXT('May 2015'!E82),0,'May 2015'!E82))
A55: =IF(ISBLANK('May 2015'!A83),"",IF(ISTEXT('May 2015'!A83),0,'May 2015'!A83)) | B55: =IF(ISBLANK('May 2015'!E83),"",IF(ISTEXT('May 2015'!E83),0,'May 2015'!E83)) -> 96
A56: =IF(ISBLANK('May 2015'!A84),"",IF(ISTEXT('May 2015'!A84),0,'May 2015'!A84)) | B56: =IF(ISBLANK('May 2015'!E84),"",IF(ISTEXT('May 2015'!E84),0,'May 2015'!E84))
A57: =IF(ISBLANK('May 2015'!A88),"",IF(ISTEXT('May 2015'!A88),0,'May 2015'!A88)) -> 418968 | B57: =IF(ISBLANK('May 2015'!E88),"",IF(ISTEXT('May 2015'!E88),0,'May 2015'!E88)) -> 170
A58: =IF(ISBLANK('May 2015'!A92),"",IF(ISTEXT('May 2015'!A92),0,'May 2015'!A92)) -> 418167 | B58: =IF(ISBLANK('May 2015'!E92),"",IF(ISTEXT('May 2015'!E92),0,'May 2015'!E92)) -> 645.27
A59: =IF(ISBLANK('May 2015'!A93),"",IF(ISTEXT('May 2015'!A93),0,'May 2015'!A93)) -> 418512 | B59: =IF(ISBLANK('May 2015'!E93),"",IF(ISTEXT('May 2015'!E93),0,'May 2015'!E93)) -> 158.7
A60: =IF(ISBLANK('May 2015'!A94),"",IF(ISTEXT('May 2015'!A94),0,'May 2015'!A94)) -> 418969 | B60: =IF(ISBLANK('May 2015'!E94),"",IF(ISTEXT('May 2015'!E94),0,'May 2015'!E94)) -> 152.64
A61: =IF(ISBLANK('May 2015'!A95),"",IF(ISTEXT('May 2015'!A95),0,'May 2015'!A95)) | B61: =IF(ISBLANK('May 2015'!E95),"",IF(ISTEXT('May 2015'!E95),0,'May 2015'!E95)) -> 31.89
A62: =IF(ISBLANK('May 2015'!A99),"",IF(ISTEXT('May 2015'!A99),0,'May 2015'!A99)) -> 418168 | B62: =IF(ISBLANK('May 2015'!E99),"",IF(ISTEXT('May 2015'!E99),0,'May 2015'!E99)) -> 99.99
A63: =IF(ISBLANK('May 2015'!A100),"",IF(ISTEXT('May 2015'!A100),0,'May 2015'!A100)) | B63: =IF(ISBLANK('May 2015'!E100),"",IF(ISTEXT('May 2015'!E100),0,'May 2015'!E100)) -> 623.63
A64: =IF(ISBLANK('May 2015'!A101),"",IF(ISTEXT('May 2015'!A101),0,'May 2015'!A101)) -> 418970 | B64: =IF(ISBLANK('May 2015'!E101),"",IF(ISTEXT('May 2015'!E101),0,'May 2015'!E101)) -> 27.02
A65: =IF(ISBLANK('May 2015'!A102),"",IF(ISTEXT('May 2015'!A102),0,'May 2015'!A102)) | B65: =IF(ISBLANK('May 2015'!E102),"",IF(ISTEXT('May 2015'!E102),0,'May 2015'!E102))
A66: =IF(ISBLANK('May 2015'!A106),"",IF(ISTEXT('May 2015'!A106),0,'May 2015'!A106)) -> 418169 | B66: =IF(ISBLANK('May 2015'!E106),"",IF(ISTEXT('May 2015'!E106),0,'May 2015'!E106)) -> 1110.24
A67: =IF(ISBLANK('May 2015'!A107),"",IF(ISTEXT('May 2015'!A107),0,'May 2015'!A107)) | B67: =IF(ISBLANK('May 2015'!E107),"",IF(ISTEXT('May 2015'!E107),0,'May 2015'!E107)) -> 324.84
A68: =IF(ISBLANK('May 2015'!A108),"",IF(ISTEXT('May 2015'!A108),0,'May 2015'!A108)) -> 418513 | B68: =IF(ISBLANK('May 2015'!E108),"",IF(ISTEXT('May 2015'!E108),0,'May 2015'!E108)) -> 2008.9
A69: =IF(ISBLANK('May 2015'!A109),"",IF(ISTEXT('May 2015'!A109),0,'May 2015'!A109)) | B69: =IF(ISBLANK('May 2015'!E109),"",IF(ISTEXT('May 2015'!E109),0,'May 2015'!E109))
A70: =IF(ISBLANK('May 2015'!A110),"",IF(ISTEXT('May 2015'!A110),0,'May 2015'!A110)) | B70: =IF(ISBLANK('May 2015'!E110),"",IF(ISTEXT('May 2015'!E110),0,'May 2015'!E110))
A71: =IF(ISBLANK('May 2015'!A111),"",IF(ISTEXT('May 2015'!A111),0,'May 2015'!A111)) | B71: =IF(ISBLANK('May 2015'!E111),"",IF(ISTEXT('May 2015'!E111),0,'May 2015'!E111)) -> 748.94
A72: =IF(ISBLANK('May 2015'!A112),"",IF(ISTEXT('May 2015'!A112),0,'May 2015'!A112)) | B72: =IF(ISBLANK('May 2015'!E112),"",IF(ISTEXT('May 2015'!E112),0,'May 2015'!E112))
A73: =IF(ISBLANK('May 2015'!A113),"",IF(ISTEXT('May 2015'!A113),0,'May 2015'!A113)) | B73: =IF(ISBLANK('May 2015'!E113),"",IF(ISTEXT('May 2015'!E113),0,'May 2015'!E113))
A74: =IF(ISBLANK('May 2015'!A114),"",IF(ISTEXT('May 2015'!A114),0,'May 2015'!A114)) | B74: =IF(ISBLANK('May 2015'!E114),"",IF(ISTEXT('May 2015'!E114),0,'May 2015'!E114)) -> 37.17
A75: =IF(ISBLANK('May 2015'!A115),"",IF(ISTEXT('May 2015'!A115),0,'May 2015'!A115)) | B75: =IF(ISBLANK('May 2015'!E115),"",IF(ISTEXT('May 2015'!E115),0,'May 2015'!E115)) -> 93.48
A76: =IF(ISBLANK('May 2015'!A116),"",IF(ISTEXT('May 2015'!A116),0,'May 2015'!A116)) -> 418971 | B76: =IF(ISBLANK('May 2015'!E116),"",IF(ISTEXT('May 2015'!E116),0,'May 2015'!E116)) -> 29.14
A77: =IF(ISBLANK('May 2015'!A117),"",IF(ISTEXT('May 2015'!A117),0,'May 2015'!A117)) | B77: =IF(ISBLANK('May 2015'!E117),"",IF(ISTEXT('May 2015'!E117),0,'May 2015'!E117)) -> 1930.16
... A86: =IF(ISBLANK('May 2015'!A126),"",IF(ISTEXT('May 2015'!A126),0,'May 2015'!A126)) | B86: =IF(ISBLANK('May 2015'!E126),"",IF(ISTEXT('May 2015'!E126),0,'May 2015'!E126)) -> 93.48
A87: =IF(ISBLANK('May 2015'!A130),"",IF(ISTEXT('May 2015'!A130),0,'May 2015'!A130)) -> 418972 | B87: =IF(ISBLANK('May 2015'!E130),"",IF(ISTEXT('May 2015'!E130),0,'May 2015'!E130)) -> 8
A88: =IF(ISBLANK('May 2015'!A134),"",IF(ISTEXT('May 2015'!A134),0,'May 2015'!A134)) -> 418170 | B88: =IF(ISBLANK('May 2015'!E134),"",IF(ISTEXT('May 2015'!E134),0,'May 2015'!E134)) -> 864.22
A89: =IF(ISBLANK('May 2015'!A135),"",IF(ISTEXT('May 2015'!A135),0,'May 2015'!A135)) | B89: =IF(ISBLANK('May 2015'!E135),"",IF(ISTEXT('May 2015'!E135),0,'May 2015'!E135))
A90: =IF(ISBLANK('May 2015'!A136),"",IF(ISTEXT('May 2015'!A136),0,'May 2015'!A136)) | B90: =IF(ISBLANK('May 2015'!E136),"",IF(ISTEXT('May 2015'!E136),0,'May 2015'!E136)) -> -666.39
A91: =IF(ISBLANK('May 2015'!A137),"",IF(ISTEXT('May 2015'!A137),0,'May 2015'!A137)) -> 418514 | B91: =IF(ISBLANK('May 2015'!E137),"",IF(ISTEXT('May 2015'!E137),0,'May 2015'!E137)) -> 366.85
A92: =IF(ISBLANK('May 2015'!A138),"",IF(ISTEXT('May 2015'!A138),0,'May 2015'!A138)) -> 418973 | B92: =IF(ISBLANK('May 2015'!E138),"",IF(ISTEXT('May 2015'!E138),0,'May 2015'!E138)) -> 371.62
A93: =IF(ISBLANK('May 2015'!A139),"",IF(ISTEXT('May 2015'!A139),0,'May 2015'!A139)) | B93: =IF(ISBLANK('May 2015'!E139),"",IF(ISTEXT('May 2015'!E139),0,'May 2015'!E139))
A94: =IF(ISBLANK('May 2015'!A143),"",IF(ISTEXT('May 2015'!A143),0,'May 2015'!A143)) -> 418171 | B94: =IF(ISBLANK('May 2015'!E143),"",IF(ISTEXT('May 2015'!E143),0,'May 2015'!E143)) -> 63.21
A95: =IF(ISBLANK('May 2015'!A144),"",IF(ISTEXT('May 2015'!A144),0,'May 2015'!A144)) | B95: =IF(ISBLANK('May 2015'!E144),"",IF(ISTEXT('May 2015'!E144),0,'May 2015'!E144)) -> -5.21
A96: =IF(ISBLANK('May 2015'!A145),"",IF(ISTEXT('May 2015'!A145),0,'May 2015'!A145)) | B96: =IF(ISBLANK('May 2015'!E145),"",IF(ISTEXT('May 2015'!E145),0,'May 2015'!E145)) -> 5.21
A97: =IF(ISBLANK('May 2015'!A149),"",IF(ISTEXT('May 2015'!A149),0,'May 2015'!A149)) -> 418974 | B97: =IF(ISBLANK('May 2015'!E149),"",IF(ISTEXT('May 2015'!E149),0,'May 2015'!E149)) -> 15180
A98: =IF(ISBLANK('May 2015'!A153),"",IF(ISTEXT('May 2015'!A153),0,'May 2015'!A153)) -> 418172 | B98: =IF(ISBLANK('May 2015'!E153),"",IF(ISTEXT('May 2015'!E153),0,'May 2015'!E153)) -> 142
A99: =IF(ISBLANK('May 2015'!A154),"",IF(ISTEXT('May 2015'!A154),0,'May 2015'!A154)) | B99: =IF(ISBLANK('May 2015'!E154),"",IF(ISTEXT('May 2015'!E154),0,'May 2015'!E154))
A100: =IF(ISBLANK('May 2015'!A155),"",IF(ISTEXT('May 2015'!A155),0,'May 2015'!A155)) -> 418975 | B100: =IF(ISBLANK('May 2015'!E155),"",IF(ISTEXT('May 2015'!E155),0,'May 2015'!E155)) -> 284
A101: =IF(ISBLANK('May 2015'!A156),"",IF(ISTEXT('May 2015'!A156),0,'May 2015'!A156)) | B101: =IF(ISBLANK('May 2015'!E156),"",IF(ISTEXT('May 2015'!E156),0,'May 2015'!E156))
A102: =IF(ISBLANK('May 2015'!A157),"",IF(ISTEXT('May 2015'!A157),0,'May 2015'!A157)) | B102: =IF(ISBLANK('May 2015'!E157),"",IF(ISTEXT('May 2015'!E157),0,'May 2015'!E157))
A103: =IF(ISBLANK('May 2015'!A158),"",IF(ISTEXT('May 2015'!A158),0,'May 2015'!A158)) | B103: =IF(ISBLANK('May 2015'!E158),"",IF(ISTEXT('May 2015'!E158),0,'May 2015'!E158))
A104: =IF(ISBLANK('May 2015'!A162),"",IF(ISTEXT('May 2015'!A162),0,'May 2015'!A162)) -> 418515 | B104: =IF(ISBLANK('May 2015'!E162),"",IF(ISTEXT('May 2015'!E162),0,'May 2015'!E162)) -> 425
A105: =IF(ISBLANK('May 2015'!A166),"",IF(ISTEXT('May 2015'!A166),0,'May 2015'!A166)) -> 418976 | B105: =IF(ISBLANK('May 2015'!E166),"",IF(ISTEXT('May 2015'!E166),0,'May 2015'!E166)) -> 87.4
A106: =IF(ISBLANK('May 2015'!A167),"",IF(ISTEXT('May 2015'!A167),0,'May 2015'!A167)) | B106: =IF(ISBLANK('May 2015'!E167),"",IF(ISTEXT('May 2015'!E167),0,'May 2015'!E167)) -> 47.15
A107: =IF(ISBLANK('May 2015'!A171),"",IF(ISTEXT('May 2015'!A171),0,'May 2015'!A171)) -> 418516 | B107: =IF(ISBLANK('May 2015'!E171),"",IF(ISTEXT('May 2015'!E171),0,'May 2015'!E171)) -> 258
A108: =IF(ISBLANK('May 2015'!A175),"",IF(ISTEXT('May 2015'!A175),0,'May 2015'!A175)) -> 418977 | B108: =IF(ISBLANK('May 2015'!E175),"",IF(ISTEXT('May 2015'!E175),0,'May 2015'!E175)) -> 750
A109: =IF(ISBLANK('May 2015'!A179),"",IF(ISTEXT('May 2015'!A179),0,'May 2015'!A179)) -> 418517 | B109: =IF(ISBLANK('May 2015'!E179),"",IF(ISTEXT('May 2015'!E179),0,'May 2015'!E179)) -> 178.41
A110: =IF(ISBLANK('May 2015'!A180),"",IF(ISTEXT('May 2015'!A180),0,'May 2015'!A180)) | B110: =IF(ISBLANK('May 2015'!E180),"",IF(ISTEXT('May 2015'!E180),0,'May 2015'!E180))
A111: =IF(ISBLANK('May 2015'!A181),"",IF(ISTEXT('May 2015'!A181),0,'May 2015'!A181)) | B111: =IF(ISBLANK('May 2015'!E181),"",IF(ISTEXT('May 2015'!E181),0,'May 2015'!E181))
A112: =IF(ISBLANK('May 2015'!A182),"",IF(ISTEXT('May 2015'!A182),0,'May 2015'!A182)) -> 418978 | B112: =IF(ISBLANK('May 2015'!E182),"",IF(ISTEXT('May 2015'!E182),0,'May 2015'!E182)) -> 548.79
A113: =IF(ISBLANK('May 2015'!A183),"",IF(ISTEXT('May 2015'!A183),0,'May 2015'!A183)) | B113: =IF(ISBLANK('May 2015'!E183),"",IF(ISTEXT('May 2015'!E183),0,'May 2015'!E183))
A114: =IF(ISBLANK('May 2015'!A184),"",IF(ISTEXT('May 2015'!A184),0,'May 2015'!A184)) | B114: =IF(ISBLANK('May 2015'!E184),"",IF(ISTEXT('May 2015'!E184),0,'May 2015'!E184))
A115: =IF(ISBLANK('May 2015'!A188),"",IF(ISTEXT('May 2015'!A188),0,'May 2015'!A188)) -> 418518 | B115: =IF(ISBLANK('May 2015'!E188),"",IF(ISTEXT('May 2015'!E188),0,'May 2015'!E188)) -> 2685
A116: =IF(ISBLANK('May 2015'!A189),"",IF(ISTEXT('May 2015'!A189),0,'May 2015'!A189)) | B116: =IF(ISBLANK('May 2015'!E189),"",IF(ISTEXT('May 2015'!E189),0,'May 2015'!E189))
A117: =IF(ISBLANK('May 2015'!A193),"",IF(ISTEXT('May 2015'!A193),0,'May 2015'!A193)) -> 418131 | B117: =IF(ISBLANK('May 2015'!E193),"",IF(ISTEXT('May 2015'!E193),0,'May 2015'!E193)) -> 448.9
A118: =IF(ISBLANK('May 2015'!A197),"",IF(ISTEXT('May 2015'!A197),0,'May 2015'!A197)) -> 418519 | B118: =IF(ISBLANK('May 2015'!E197),"",IF(ISTEXT('May 2015'!E197),0,'May 2015'!E197)) -> 195
A119: =IF(ISBLANK('May 2015'!A201),"",IF(ISTEXT('May 2015'!A201),0,'May 2015'!A201)) -> 418173 | B119: =IF(ISBLANK('May 2015'!E201),"",IF(ISTEXT('May 2015'!E201),0,'May 2015'!E201)) -> 50.6
A120: =IF(ISBLANK('May 2015'!A202),"",IF(ISTEXT('May 2015'!A202),0,'May 2015'!A202)) -> 418979 | B120: =IF(ISBLANK('May 2015'!E202),"",IF(ISTEXT('May 2015'!E202),0,'May 2015'!E202)) -> 42.55
A121: =IF(ISBLANK('May 2015'!A206),"",IF(ISTEXT('May 2015'!A206),0,'May 2015'!A206)) -> 418520 | B121: =IF(ISBLANK('May 2015'!E206),"",IF(ISTEXT('May 2015'!E206),0,'May 2015'!E206)) -> 3750
A122: =IF(ISBLANK('May 2015'!A210),"",IF(ISTEXT('May 2015'!A210),0,'May 2015'!A210)) -> 418521 | B122: =IF(ISBLANK('May 2015'!E210),"",IF(ISTEXT('May 2015'!E210),0,'May 2015'!E210)) -> 338
A123: =IF(ISBLANK('May 2015'!A214),"",IF(ISTEXT('May 2015'!A214),0,'May 2015'!A214)) -> 418980 | B123: =IF(ISBLANK('May 2015'!E214),"",IF(ISTEXT('May 2015'!E214),0,'May 2015'!E214)) -> 325
...
